 Dungeon Crawl Stone Soup version 0.20.0-14-g326068f (webtiles) character file.

619 Gorglomux the Cutter (level 7, 0/48 HPs)
             Began as a Halfling Monk on June 8, 2017.
             Was a Follower of Okawaru.
             Slain by an ogre
             ... wielding a +0 giant club
              (25 damage)
             ... on level 4 of the Dungeon.
             The game lasted 00:12:08 (5454 turns).

Gorglomux the Cutter (Halfling Monk)                Turns: 5454, Time: 00:12:10

Health: 0/48       AC: 13    Str: 12    XL:     7   Next: 74%
Magic:  5/7        EV: 13    Int:  8    God:    Okawaru [*.....]
Gold:   162        SH:  0    Dex: 19    Spells: 6/6 levels left

rFire    . . .     SeeInvis .   x - +0 rapier
rCold    . . .     Gourm    .   (shield restricted)
rNeg     . . .     Faith    .   w - +0 chain mail
rPois    .         Spirit   .   (no helmet)
rElec    .         Reflect  .   (no cloak)
rCorr    .         Harm     .   h - +2 pair of gloves
MR       .....                  (no boots)
Stlth    ++........             (no amulet)
Regen    0.2/turn               (no ring)
MPRegen  0.1/turn               (no ring)

@: heroism
A: mutation resistance 1
a: Heroism, Renounce Religion


You were on level 4 of the Dungeon.
You worshipped Okawaru.
Okawaru was aware of your devotion.
You were not hungry.

You visited 2 branches of the dungeon, and saw 5 of its levels.

You collected 162 gold pieces.

Inventory:

Hand Weapons
 x - a +0 rapier (weapon)
Missiles
 d - 200 stones (quivered)
 Z - 2 throwing nets
Armour
 b - a +0 robe
 h - a +2 pair of gloves (worn)
 m - a +0 buckler
 w - a +0 chain mail (worn)
Jewellery
 U - a +4 ring of strength {unknown}
Scrolls
 k - a scroll of recharging {unknown}
 u - a scroll of remove curse
 R - 4 scrolls of identify
 W - a scroll of teleportation {unknown}
Potions
 o - a potion of degeneration
 r - 2 potions of cancellation
 v - 3 potions of agility
Comestibles
 c - a bread ration
 p - 3 fruits
 z - 2 meat rations
 T - a royal jelly


   Skills:
 + Level 4.2(9.2) Fighting
 + Level 5.9(10.9) Short Blades
 + Level 5.7(10.7) Dodging
 + Level 5.0(10.0) Stealth


You had 6 spell levels left.
You didn't know any spells.

Dungeon Overview and Level Annotations

Branches:
Dungeon (4/15)             Temple (1/1) D:4

Altars:
Ashenzari
Cheibriados
Fedhas
Gozag
Hepliaklqana
Kikubaaqudgha
Makhleb
Okawaru
Qazlal
Ru
Trog
Vehumet
Xom
Yredelemnul
Zin
The Shining One

Shops:
D:4 [


Innate Abilities, Weirdness & Mutations

You are small and have problems with some larger weapons.
You are somewhat resistant to further mutation.


Message History

You butcher the frilled lizard corpse.
Y - a chunk of flesh You start resting.
Eating a chunk of flesh.
You eat the chunk of flesh.
This raw flesh tastes terrible.
HP restored.
There is a stone staircase leading down here.
You fail to use your ability.
You gain the combat prowess of a mighty hero.
There is a stone staircase leading down here.
You climb downwards.
The ogre closely misses you. The ogre hits you with a giant club!!
There is a stone staircase leading up, spattered with blood here.
You hit the ogre.
The ogre is lightly wounded.
You puncture the ogre!
The ogre is moderately wounded.
The ogre hits you with a giant club!!
Ouch! That really hurt!
You die...

#.# #.#......)).......#
#.## #.#.P...######.##.# ##
#..######.#.P>P....# #.##.#
.#
##......#.#.....##.###.##.#
.#
######.#..................
.# #.#....#...########.# .#
#.#.######## #.# .# #.#O###
#.#
.############...@.######
#.#
..............#........#
#.#
#############.###.####.#
#.# #.# #.####.########.#
#.# #...............#
#.########.########## #...#
##.## ###.# #...# #.#
###...###


You could see an ogre.

Vanquished Creatures
  A phantom (D:4)
  2 vampire bats (D:3)
  A hound (D:4)
  An orc priest (D:3)
  An orc wizard (D:3)
  A gnoll shaman (Temple)
  Jessica (D:2)
  Ijyb (D:3)
  Terence (D:2)
  A worker ant (D:4)
  A hound skeleton (D:4)
  Robin (D:2)
  5 adders
  8 gnolls (D:4)
  An ooze (D:2)
  3 worms
  A dart slug (D:3)
  A leopard gecko (D:4)
  8 orcs
  5 bat zombies (D:3)
  2 giant cockroaches
  10 goblins
  7 hobgoblins
  2 jackals (D:1)
  A quokka (D:4)
  4 bats
  4 frilled lizards
  8 kobolds
  6 rats
89 creatures vanquished.

Notes
Turn   | Place    | Note
-------+----------+-------------------------------------------
     0 | D:1      | Gorglomux the Halfling Monk began the quest for the Orb.
     0 | D:1      | Reached XP level 1. HP: 15/15 MP: 1/1
   280 | D:1      | Reached XP level 2. HP: 17/20 MP: 2/2
   923 | D:2      | Noticed Jessica
   927 | D:2      | Killed Jessica
   927 | D:2      | Reached skill level 3 in Fighting
   927 | D:2      | Reached XP level 3. HP: 26/26 MP: 3/3
   948 | D:2      | Reached XP level 4. HP: 28/31 MP: 4/4
  1434 | D:2      | Noticed Robin
  1458 | D:2      | Killed Robin
  1458 | D:2      | Reached skill level 3 in Stealth
  1622 | D:2      | Gained mutation: You are weak. (Str -2) [potion of mutation]
  1622 | D:2      | Gained mutation: You are agile. (Dex +2) [potion of mutation]
  1623 | D:2      | Lost mutation: You are agile. (Dex +2) [potion of mutation]
  1623 | D:2      | Lost mutation: You are weak. (Str -2) [potion of mutation]
  1641 | D:2      | Reached XP level 5. HP: 30/36 MP: 5/5
  1992 | D:2      | Noticed Terence
  2014 | D:2      | Killed Terence
  2486 | D:3      | Found an ancient bone altar of Kikubaaqudgha.
  2494 | D:3      | Reached XP level 6. HP: 37/42 MP: 6/6
  2587 | D:3      | Noticed Ijyb
  3582 | D:3      | Killed Ijyb
  3880 | D:4      | Found Umerhyer's Armour Shoppe.
  3954 | D:4      | Reached XP level 7. HP: 34/47 MP: 7/7
  4039 | D:4      | Found a staircase to the Ecumenical Temple.
  4527 | Temple   | Entered the Ecumenical Temple
  4771 | Temple   | Became a worshipper of Warmaster Okawaru
  4771 | Temple   | Reached * piety under Okawaru
  4771 | Temple   | Reached ** piety under Okawaru
  5454 | D:4      | Slain by an ogre

Skill      XL: |  1  2  3  4  5  6  7 |
---------------+----------------------+-----
Fighting       | 3 4 |  4.2
Short Blades   | 4 5 |  5.9
Dodging        | 4 5 |  5.7
Stealth        | 3 4 5 |  5.0

Action                   |  1- 3 |  4- 6 |  7- 9 || total
-------------------------+-------+-------+-------++-------
Melee: Short sword       |    48 |    24 |       ||    72
       Dagger            |       |   230 |       ||   230
       Rapier            |       |   107 |   144 ||   251
Invok: Heroism           |       |       |     1 ||     1
  Use: Potion            |       |     7 |       ||     7
       Scroll            |       |     2 |       ||     2
 Stab: Sleeping          |     2 |     2 |       ||     4
  Eat: Chunk             |       |    10 |     5 ||    15
Armor: Robe              |     8 |    27 |       ||    35
       Chain mail        |       |   145 |    53 ||   198
Dodge: Dodged            |    32 |   227 |    47 ||   306
